 Dungeon Crawl Stone Soup version 0.30.1-11-g7821555f0a (webtiles) character file.

Game seed: 7411571449411542840

254861 Cheops the Phalangite (level 19, -1/144 HPs)
             Began as a Merfolk Gladiator on Nov 15, 2023.
             Was the Champion of Makhleb.
             Killed from afar by a servant of whispers (31 damage)
             ... with a bolt of lightning
             ... in the Desolation of Salt on Nov 16, 2023.
             The game lasted 03:15:34 (45316 turns).

Cheops the Phalangite (Merfolk Gladiator)          Turns: 45316, Time: 03:15:34

Health: -1/144     AC: 36    Str: 31    XL:     19   Next: 76%
Magic:  0/33       EV: 11    Int: 10    God:    Makhleb [******]
Gold:   3521       SH:  0    Dex: 18    Spells: 18/18 levels left

rFire   + + .        a - +5 bardiche
rCold   + + .        (shield currently unavailable)
rNeg    . . .        j - +7 gold dragon scales
rPois   +            g - +0 helmet
rElec   .            h - +0 cloak
rCorr   .            f - +2 pair of gloves
SInv    .            i - +3 pair of seven-league boots {Rampage+∞}
Will    +....        u - amulet of guardian spirit Stlth
                     s - ring of Norir {rPois rF+ rC+ Str+6 Slay+2}
HPRegen 0.44/turn    t - +6 ring of strength
MPRegen 0.23/turn

%: guardian spirit, rampage+∞
@: spiked, slowed, very slow
A: (nimble swimmer 2), mertail, thin skeletal structure 1, frail 1, passive
freeze, screaming 1, sturdy frame 1
}: 2/15 runes: decaying, gossamer
a: Renounce Religion, Minor Destruction, Lesser Servant of Makhleb, Major
Destruction, Greater Servant of Makhleb


You were in the Desolation of Salt.
You worshipped Makhleb.
Makhleb was exalted by your worship.
You visited 7 branches of the dungeon, and saw 34 of its levels.
You visited the Abyss 1 time.
You also visited: Desolation.

You collected 4518 gold pieces.
You spent 997 gold pieces at shops.

Inventory:

Hand Weapons
 a - a +5 bardiche (weapon)
 b - a +2 glaive of flaming
Armour
 f - a +2 pair of gloves (worn)
 g - a +0 helmet (worn)
 h - a +0 cloak (worn)
 i - the +3 pair of seven-league boots (worn) {Rampage+∞}
   (You found it on level 13 of the Dungeon)

   Rampage+∞: When moving toward enemies, its wearer moves as far as possible,
   alerting their target en route.
 j - +7 gold dragon scales (worn)
Jewellery
 s - the ring of Norir (left hand) {rPois rF+ rC+ Str+6 Slay+2}
   (You acquired it on level 4 of the Dungeon)

   [ring of strength]

   Str:       It affects your strength (+6).
   Slay:      It affects your accuracy & damage with ranged weapons and melee
   (+2).
   rF:        It protects you from fire.
   rC:        It protects you from cold.
   rPois:     It protects you from poison.
 t - a +6 ring of strength (right hand)
 u - an amulet of guardian spirit (around neck)
 v - a ring of positive energy
 w - a ring of fire
 x - a ring of flight
 y - a ring of ice
 z - the ring "Adypta" {*Slow rElec rN+ Int+5 SInv}
   (You found it on level 1 of the Swamp)

   [ring of positive energy]

   Int:       It affects your intelligence (+5).
   rElec:     It insulates you from electricity.
   rN:        It protects you from negative energy.
   SInv:      It lets you see invisible.
   *Slow:     It may slow you when you take damage.
Wands
 m - a wand of charming (26)
 o - a wand of flame (47)
 q - a wand of quicksilver (24)
 r - a wand of iceblast (3)
 M - a wand of digging (14)
Scrolls
 P - 15 scrolls of teleportation
 Q - 5 scrolls of blinking
 R - 8 scrolls of fear
 S - 6 scrolls of fog
 T - 4 scrolls of magic mapping
 U - 10 scrolls of poison
 V - 2 scrolls of butterflies
 X - 3 scrolls of silence
 Y - 5 scrolls of torment
 Z - 5 scrolls of immolation
Potions
 A - 16 potions of curing
 B - 3 potions of heal wounds
 C - 5 potions of resistance
 D - 11 potions of haste
 E - 4 potions of berserk rage
 F - 8 potions of ambrosia
 G - 4 potions of brilliance
 H - 6 potions of might
 I - 6 potions of mutation
 J - 7 potions of cancellation
 K - 6 potions of lignification {unknown}
 L - 7 potions of attraction {unknown}
 W - 2 potions of experience {unknown}
Miscellaneous
 n - a phantom mirror
 p - a phial of floods
 N - a lightning rod (4/4)
 O - a box of beasts


   Skills:
 + Level 17.4 Fighting
 - Level 24.0 Polearms
 - Level 2.0 Throwing
 - Level 12.0 Armour
 - Level 8.3 Dodging
 - Level 6.1 Shields
 - Level 20.0 Invocations
 - Level 5.0 Evocations


You had 18 spell levels left.
You didn't know any spells.
Your spell library contained the following spells:

 Spells                   Type           Power      Damage    Failure   Level
 Beastly Appendage        Tmut           0%         N/A       99%         1
 Foxfire                  Conj/Fire      0%         2x1d4     99%         1
 Freeze                   Ice            0%         1d3       99%         1
 Kiss of Death            Conj/Necr      0%         2d5       99%         1
 Magic Dart               Conj           0%         1d3       99%         1
 Sandblast                Erth           0%         2d4       99%         1
 Slow                     Hex            0%         N/A       99%         1
 Sting                    Tmut/Pois      0%         1d3       99%         1
 Blink                    Tloc           0%         N/A       100%        2
 Passwall                 Tmut/Erth      0%         N/A       100%        2
 Poisonous Vapours        Pois/Air       0%         N/A       100%        2
 Scorch                   Fire           0%         2d5       100%        2
 Searing Ray              Conj           0%         2d4       100%        2
 Sublimation of Blood     Necr           0%         N/A       100%        2
 Wereblood                Tmut           0%         N/A       100%        2
 Confusing Touch          Hex            0%         N/A       100%        3
 Frozen Ramparts          Ice            0%         1d1       100%        3
 Gell's Gravitas          Tloc           0%         N/A       100%        3
 Hailstorm                Conj/Ice       0%         3d3       100%        3
 Inner Flame              Hex/Fire       0%         N/A       100%        3
 Mephitic Cloud           Conj/Pois/Air  0%         N/A       100%        3
 Ozocubu's Armour         Ice            0%         N/A       100%        3
 Portal Projectile        Hex/Tloc       0%         N/A       100%        3
 Spider Form              Tmut/Pois      0%         N/A       100%        3
 Stone Arrow              Conj/Erth      0%         3d7       100%        3
 Vampiric Draining        Necr           0%         2d6       100%        3
 Vhi's Electric Charge    Tloc/Air       0%         N/A       100%        3
 Dispel Undead            Necr           0%         3d6       100%        4
 Fulminant Prism          Conj/Hex       0%         3d5       100%        4
 Manifold Assault         Tloc           0%         N/A       100%        4
 Olgreb's Toxic Radiance  Pois           0%         N/A       100%        4
 Petrify                  Tmut/Erth      0%         N/A       100%        4
 Summon Lightning Spire   Summ/Air       0%         N/A       100%        4
 Arcjolt                  Conj/Air       0%         1d10      100%        5
 Fireball                 Conj/Fire      0%         3d3       100%        5
 Freezing Cloud           Conj/Ice/Air   0%         6-21      100%        5
 Irradiate                Conj/Tmut      0%         3d11      100%        5
 Metabolic Englaciation   Hex/Ice        0%         N/A       100%        5
 Summon Forest            Summ/Tloc      0%         N/A       100%        5
 Summon Mana Viper        Hex/Summ       0%         N/A       100%        5
 Yara's Violent Unravell  Hex/Tmut       0%         3d3       100%        5
 Conjure Ball Lightning   Conj/Air       0%         3x3d6     100%        6
 Eringya's Noxious Bog    Tmut/Pois      0%         N/A       100%        6
 Plasma Beam              Fire/Air       0%         2x1d11    100%        6
 Simulacrum               Ice/Necr       0%         N/A       100%        6
 Starburst                Conj/Fire      0%         6d3       100%        6
 Statue Form              Tmut/Erth      0%         N/A       100%        6
 Summon Cactus Giant      Summ           0%         N/A       100%        6
 Enfeeble                 Hex            0%         N/A       100%        7
 Storm Form               Tmut/Air       0%         N/A       100%        7
 Summon Hydra             Summ           0%         N/A       100%        7
 Maxwell's Capacitive Co  Air            0%         ∞         100%        8


Dungeon Overview and Level Annotations

Branches:
Dungeon (15/15)            Temple (1/1) D:4            Lair (5/5) D:10
  Swamp (4/4) Lair:3       Spider (4/4) Lair:3        Slime (0/5) Lair:5
    Orc (2/2) D:12            Elf (0/3) Orc:2        Vaults (3/5) D:13
  Crypt (0/3) Vaults:3     Depths (0/4) D:15        Desolation (1/1)

Altars:
Ashenzari
Cheibriados
Dithmenos
Elyvilon
Fedhas
Gozag
Hepliaklqana
Kikubaaqudgha
Makhleb
Nemelex Xobeh
Okawaru
Qazlal
Ru
Sif Muna
Trog
Uskayaw
Vehumet
Wu Jian
Xom
Yredelemnul
Zin
The Shining One
Jiyva

Shops:
D:2 (   D:3 ?   D:5 (   D:7 *   D:9 [   D:11 (   Orc:2 *:!:[   Vaults:2 (

Portals:
Trove: D:13 (give 7 scrolls of fog)

Annotations:
Spider:3 2 transporters, Nonny's ghost, adept KoCA


Innate Abilities, Weirdness & Mutations

((You are very nimble when in or above water. (Stealth+, EV+, Speed+++)))
Your lower body shifts to a powerful aquatic tail in water.
You have a somewhat thin skeletal structure. (Dex +2, Stealth+)
You are frail. (-10% HP)
A frigid envelope surrounds you and freezes all who hurt you.
You occasionally shout uncontrollably at your foes.
Your movements are slightly less encumbered by armour. (ER -2)


Message History

Flame seeps out of the ragged hierophant.
The saltling closely misses you.
Blink to where?
Press: ? - help, Dir - move target
As you read the scroll of blinking, it crumbles to dust.
The peacekeeper roars a battlecry!
The servant of whispers calls down the wrath of its god upon you.
The bolt of lightning hits you!!
* * * LOW HITPOINT WARNING * * *
Aiming: Iceblast
Press: ? - help, Shift-Dir - straight line The mass of ice explodes!
The iceblast engulfs the servant of whispers!!
The servant of whispers is moderately wounded.
The iceblast engulfs the ragged hierophant!
Flame seeps out of the ragged hierophant.
The ragged hierophant is almost dead.
Makhleb accepts your kill.
You feel better.
The ragged hierophant explodes!
The fiery explosion engulfs the peacekeeper!
The peacekeeper resists.
The peacekeeper is moderately damaged.
The fiery explosion engulfs the servant of whispers!!!
The servant of whispers is severely wounded.
The servant of whispers mumbles some strange prayers to its god against you.
The bolt of lightning hits you!
* * * LOW HITPOINT WARNING * * *
The peacekeeper hurls a volley of spikes at you.
The volley of spikes hits you.
The barbed spikes become lodged in your body.
* * * LOW HITPOINT WARNING * * *
The servant of whispers calls down the wrath of its god upon you.
The bolt of lightning hits you!!
* * * LOW HITPOINT WARNING * * *
You feel much better.
The servant of whispers invokes the aid of its god against you.
The bolt of lightning hits the peacekeeper.
The peacekeeper resists.
The bolt of lightning hits you!!
You die...

###############
###############
.............##
.............##
.............##
.............##
.............##
..............@.#
....................##
.♣.....#.99.9........##
............9..#.....##
........a9.a9........##
........9...99.......##
.9....9)aL99.........##
..a.9a9aa9...........##
.....99.........


You could see a ragged hierophant (inner flame), 3 servants of whispers, a
halazid warlock (inner flame), 3 peacekeepers and 9 saltlings.

Vanquished Creatures
  Arachne (Spider:3)
  A bone dragon (Swamp:4)
  A tentacled monstrosity (Vaults:1)
  Jorgrun (D:14)
  Kirke (Lair:5)
  A thorn hunter (Swamp:3)
  2 sphinxes (Vaults:1)
  A fenstrider witch (Swamp:4)
  2 fire giants (Vaults:1)
  9 emperor scorpions
  6 ghost moths
  An orc warlord (Vaults:1)
  4 vault wardens
  5 ironbound preservers
  A war gargoyle (Vaults:1)
  3 ironbound thunderhulks
  A very ugly thing (Vaults:1)
  An eleionoma (Swamp:2)
  9 dire elephants
  8 bunyips
  2 ettins (Vaults:1)
  A deep elf death mage (Vaults:1)
  3 fire dragons
  Josephine (D:12)
  2 ragged hierophants (Desolation)
  6 yaktaur captains
  3 entropy weavers
  9 vault guards
  Fannar (Orc:1)
  A servant of whispers (Desolation)
  8 hydras
  A shambling mangrove (Swamp:4)
  3 ghost crabs (Swamp:4)
  4 ironbound frosthearts
  Erolcha (Orc:1)
  3 catoblepae
  5 centaur warriors
  2 boulder beetles
  2 death knights
  2 radroaches (Spider:1)
  3 tengu warriors (D:14)
  2 death scarabs
  7 alligators
  3 two-headed ogres
  A deep troll shaman (Lair:5)
  14 death yaks
  3 orc high priests (Orc:2)
  Nergalle (Orc:2)
  Sonja (D:11)
  A skeletal warrior (D:13)
  A skyshark (Lair:4)
  6 pharaoh ants
  2 sun moths
  Amaemon (Lair:3)
  8 goliath frogs
  6 deep trolls (Vaults:2)
  A goliath frog (shapeshifter) (Vaults:1)
  14 steelbarb worms
  8 orb spiders
  8 bog bodies
  3 wizards
  4 spriggan druids
  3 phantasmal warriors
  3 swamp dragons
  A steelbarb worm (shapeshifter) (Vaults:1)
  3 spectral hydras (Swamp:4)
  8 ironbound convokers
  3 lindwurms
  3 deep elf pyromancers
  A necromancer (Vaults:2)
  An oklob plant (Lair:5)
  Pikel (D:7)
  7 orc knights
  6 orc sorcerers
  2 cyclopes
  8 ugly things
  6 manticores
  3 will-o-the-wisps (Swamp:4)
  16 wolf spiders
  15 elephants
  A guardian serpent (Desolation)
  3 black mambas
  3 demonic crawlers
  7 vault sentinels
  A torpor snail (Spider:3)
  An orange demon (Lair:3)
  11 cane toads
  A gargoyle (D:12)
  Maggie (Lair:2)
  2 freezing wraiths
  3 rime drakes
  13 yaktaurs
  7 swamp worm zombies (Swamp:4)
  8 komodo dragons
  An efreet (D:13)
  3 hydra zombies (Swamp:4)
  A tengu conjurer (D:14)
  3 meliai (D:14)
  6 trolls
  8 hornets
  4 polar bears
  A queen bee (D:14)
  17 tarantellas
  3 tyrant leeches
  A hornet (shapeshifter) (D:13)
  7 saltlings (Desolation)
  An alligator zombie (Swamp:4)
  13 dream sheep (Lair:5)
  3 spectral swamp dragons (Swamp:4)
  29 blink frogs
  28 culicivoras
  31 slime creatures
  3 centaur simulacra
  26 jumping spiders
  A slime creature (shapeshifter) (Vaults:1)
  6 spriggans
  10 wraiths
  A shadow (D:11)
  A vampire (D:12)
  57 yaks
  6 wyverns
  Grum (D:9)
  4 basilisks
  9 humans
  2 steam dragons
  A hog (Lair:5)
  53 redbacks
  A warg (shapeshifter) (Vaults:1)
  11 vampire mosquitoes
  A warg (Orc:2)
  2 acid dragons
  10 water moccasins
  22 swamp worms
  An ice beast (D:7)
  3 black bears
  A sky beast (D:7)
  3 swamp dragon zombies (Swamp:4)
  18 orc warriors
  9 ogres
  27 wolves
  6 centaurs
  2 lemures (D:7)
  9 kobold brigands
  4 phantoms (Swamp:4)
  Blork the orc (D:5)
  9 bullfrogs
  7 gnoll sergeants
  4 scorpions
  9 wights (D:8)
  25 killer bees
  2 howler monkeys
  3 electric eels
  A crimson imp (D:7)
  2 hounds
  5 jellies
  A gnoll bouda (D:9)
  17 orc priests
  Crazy Yiuf (D:5)
  A sleepcap (D:5)
  3 iguanas
  25 orc wizards
  A spectral swamp drake (Swamp:4)
  6 gnolls
  8 adders (D:6)
  A swamp drake zombie (Swamp:4)
  A white imp (D:5)
  3 ufetubi
  2 worms
  3 dart slugs
  66 orcs
  3 ball pythons
  8 bats
  6 endoplasms
  4 giant cockroaches
  4 goblins
  5 hobgoblins
  26 kobolds
  A quokka (D:3)
  3 frilled lizards
  2 rats (D:1)
1109 creatures vanquished.

Vanquished Creatures (collateral kills)
  Louise (Swamp:4)
  An alligator (Swamp:4)
  A death yak (Lair:5)
  An orc knight (Orc:2)
  An orc sorcerer (Orc:2)
  A demonic crawler (Spider:3)
  A human (D:13)
  An orc warrior (Orc:2)
8 creatures vanquished.

Vanquished Creatures (others)
  A torpor snail (Spider:1)
  5 bloated husks
  A human (D:13)
  2 phantoms (Swamp:4)
  An orc wizard (Orc:1)
  14 foxfires (Swamp:4)
24 creatures vanquished.

Grand Total: 1141 creatures vanquished

Notes
Turn   | Place    | Note
-------+----------+-------------------------------------------
     0 | D:1      | Cheops the Merfolk Gladiator began the quest for the Orb.
     0 | D:1      | Reached XP level 1. HP: 16/16 MP: 1/1
    99 | D:1      | Reached XP level 2. HP: 23/23 MP: 2/2
   540 | D:1      | Reached skill level 5 in Polearms
   755 | D:2      | Reached XP level 3. HP: 28/28 MP: 3/3
  1008 | D:2      | Found Zifon's Antique Weapon Boutique.
  1560 | D:3      | Noticed an ogre
  1576 | D:3      | Killed an ogre
  1577 | D:3      | Reached skill level 6 in Polearms
  1577 | D:3      | Reached XP level 4. HP: 16/36 MP: 4/4
  1577 | D:3      | Reached XP level 5. HP: 18/41 MP: 5/5
  1812 | D:3      | Found a faded altar of an unknown god.
  1955 | D:3      | Found Hytyimoohu's Magic Scroll Emporium.
  1964 | D:3      | Bought a scroll of teleportation for 33 gold pieces
  1964 | D:3      | Bought a scroll of blinking for 82 gold pieces
  1964 | D:3      | Bought a scroll of noise for 11 gold pieces
  2442 | D:4      | Found a staircase to the Ecumenical Temple.
  2578 | D:4      | Reached skill level 7 in Polearms
  2758 | D:4      | Identified the +0 robe of Onoxyrghi {Drain rF++ Int-5
                  | Dex+4}
  2849 | D:4      | Found a bloodstained altar of Trog.
  2997 | D:4      | Reached XP level 6. HP: 47/48 MP: 6/6
  3058 | D:4      | Identified a scroll of acquirement
  3062 | D:4      | Acquired the ring of Norir {rPois rF+ rC+ Str+6 Slay+2}
  3085 | D:5      | Entered Level 5 of the Dungeon
  3146 | D:5      | Reached skill level 8 in Polearms
  3365 | D:5      | Found Ufomi's Weapon Shop.
  3386 | D:5      | Found a runed translucent door.
  3387 | D:5      | Noticed Crazy Yiuf
  3421 | D:5      | Reached XP level 7. HP: 42/55 MP: 7/7
  3511 | D:5      | Reached skill level 5 in Fighting
  3511 | D:5      | Reached skill level 9 in Polearms
  3633 | D:5      | Noticed Blork the orc
  3647 | D:5      | Killed Blork the orc
  3976 | D:5      | Noticed a yak
  3976 | D:5      | Noticed a yak
  3977 | D:5      | Noticed a yak
  3989 | D:5      | Gained mutation: Your movements are slightly less
                  | encumbered by armour. (ER -2) [potion of mutation]
  3989 | D:5      | Gained mutation: A frigid envelope surrounds you and
                  | freezes all who hurt you. [potion of mutation]
  3989 | D:5      | Gained mutation: You have a somewhat thin skeletal
                  | structure. (Dex +2, Stealth+) [potion of mutation]
  3993 | D:5      | Reached skill level 10 in Polearms
  3993 | D:5      | Reached XP level 8. HP: 64/64 MP: 8/8
  4010 | D:5      | Killed a yak
  4018 | D:5      | Killed a yak
  4019 | D:5      | Reached skill level 11 in Polearms
  4031 | D:5      | Noticed a yak
  4038 | D:5      | Killed a yak
  4048 | D:5      | Killed a yak
  4049 | D:5      | Reached skill level 12 in Polearms
  4154 | D:5      | Reached XP level 9. HP: 54/72 MP: 9/9
  4248 | D:5      | Found a sparkling altar of Nemelex Xobeh.
  4421 | D:5      | Killed Crazy Yiuf
  4492 | D:6      | Reached skill level 13 in Polearms
  4542 | D:6      | Found a shimmering blue altar of Sif Muna.
  4542 | D:6      | Found a hide-covered altar of Uskayaw.
  4547 | D:6      | Found an opulent altar of Gozag.
  4547 | D:6      | Found a shadowy altar of Dithmenos.
  4558 | D:6      | Found an ancient bone altar of Kikubaaqudgha.
  5242 | D:6      | Reached skill level 14 in Polearms
  5467 | Temple   | Entered the Ecumenical Temple
  5673 | D:7      | Identified the +10 dagger "Qeluif" {flame, rF+ SInv}
  5749 | D:7      | Found Koacuc's General Store.
  5757 | D:7      | Bought a scroll of identify for 22 gold pieces
  5782 | D:7      | Found a stormy altar of Qazlal.
  5912 | D:7      | Noticed Pikel
  5926 | D:7      | Killed Pikel
  5927 | D:7      | Reached XP level 10. HP: 54/82 MP: 10/10
  6069 | D:7      | Reached skill level 15 in Polearms
  6335 | D:7      | Found a burning altar of Makhleb.
  6345 | D:7      | Became a worshipper of Makhleb the Destroyer
  7193 | D:8      | Reached skill level 16 in Polearms
  7197 | D:8      | Reached skill level 10 in Fighting
  7202 | D:8      | Reached * piety under Makhleb
  7514 | D:8      | Found an ornate altar of the Wu Jian Council.
  7801 | D:9      | Noticed a two-headed ogre
  7803 | D:9      | Killed a two-headed ogre
  7954 | D:9      | Acquired +0 gold dragon scales
  7984 | D:9      | Found Oxilomor's Antique Armour Shop.
  8122 | D:9      | Noticed Grum
  8132 | D:9      | Killed Grum
  8289 | D:9      | Reached XP level 11. HP: 93/93 MP: 14/14
  8421 | D:9      | Reached skill level 5 in Invocations
  8714 | D:10     | Entered Level 10 of the Dungeon
  9089 | D:10     | Found a staircase to the Lair.
  9405 | D:10     | Reached ** piety under Makhleb
  9464 | D:10     | Found a hazy altar of Hepliaklqana.
  9857 | D:11     | Found Nyqeum's Weapon Emporium.
 10206 | D:11     | Noticed a two-headed ogre
 10212 | D:11     | Killed a two-headed ogre
 10310 | D:11     | Found a glowing silver altar of Zin.
 10449 | D:11     | Noticed Sonja
 10453 | D:11     | Killed Sonja
 10598 | D:12     | Reached skill level 10 in Invocations
 10696 | D:12     | Got the Almanac of the Secret Dances
 10745 | D:12     | Noticed a purple ugly thing
 10754 | D:12     | Killed a purple ugly thing
 10863 | D:12     | Found a staircase to the Orcish Mines.
 11217 | D:12     | Reached skill level 1 in Armour
 11244 | D:12     | Reached *** piety under Makhleb
 11261 | D:12     | Noticed Josephine
 11277 | D:12     | Killed Josephine
 11278 | D:12     | Reached XP level 12. HP: 98/100 MP: 20/20
 12733 | D:13     | Reached skill level 5 in Armour
 13011 | D:13     | Noticed a vault guard
 13237 | D:13     | Noticed a vault guard
 13243 | D:13     | Killed a vault guard
 13248 | D:13     | Found a portal to a secret trove of treasure.
 13355 | D:13     | Killed a vault guard
 13355 | D:13     | Reached **** piety under Makhleb
 13367 | D:13     | Found a glowing golden altar of the Shining One.
 13507 | D:13     | Noticed a death knight
 13929 | D:13     | Found the +3 pair of seven-league boots {Rampage+∞}
 14008 | D:13     | Killed a death knight
 14156 | D:13     | Noticed a two-headed ogre
 14161 | D:13     | Killed a two-headed ogre
 14162 | D:13     | Reached XP level 13. HP: 106/106 MP: 21/21
 14413 | D:13     | Found a gate to the Vaults.
 14785 | Lair:1   | Entered Level 1 of the Lair of Beasts
 15597 | Lair:1   | Reached skill level 10 in Armour
 15985 | Lair:2   | Noticed Maggie
 16139 | Lair:1   | Reached ***** piety under Makhleb
 16488 | Lair:2   | Killed Maggie
 16802 | Lair:2   | Got the Almanac of the Storm and the Summer
 17288 | Lair:3   | Found a staircase to the Swamp.
 17503 | Lair:3   | Noticed Amaemon
 17512 | Lair:3   | Killed Amaemon
 17541 | Lair:3   | Reached XP level 14. HP: 69/113 MP: 22/22
 17769 | Lair:3   | Reached skill level 5 in Dodging
 17919 | Lair:3   | Found a hole to the Spider Nest.
 18989 | Lair:4   | Identified the +7 war axe of Wiamaoq {flame, *Slow rElec
                  | rPois rN+}
 19056 | Lair:4   | Reached skill level 17 in Polearms
 19542 | Lair:5   | Entered Level 5 of the Lair of Beasts
 19690 | Lair:5   | Reached skill level 18 in Polearms
 19705 | Lair:5   | Found a staircase to the Slime Pits.
 19828 | Lair:5   | Noticed Kirke
 20020 | Lair:5   | Reached skill level 19 in Polearms
 20183 | Lair:5   | Reached XP level 15. HP: 112/118 MP: 23/23
 20193 | Lair:5   | Reached ****** piety under Makhleb
 20217 | Lair:5   | Killed Kirke
 20440 | Lair:5   | Reached skill level 20 in Polearms
 20487 | Lair:5   | Found a viscous altar of Jiyva.
 23242 | Lair:3   | Found a staircase to the Swamp.
 23426 | Lair:3   | Found a hole to the Spider Nest.
 25717 | D:14     | Noticed Jorgrun
 25728 | D:14     | Killed Jorgrun
 26066 | D:15     | Entered Level 15 of the Dungeon
 26441 | D:15     | Found a sacrificial altar of Ru.
 26887 | D:15     | Identified the +0 war axe of the Seer {speed, rPois SInv}
 27415 | D:15     | Reached skill level 15 in Invocations
 27456 | D:15     | Found a staircase to the Depths.
 28240 | D:3      | Bought a scroll of blinking for 82 gold pieces
 28240 | D:3      | Bought a scroll of teleportation for 33 gold pieces
 28344 | D:7      | Bought a scroll of teleportation for 33 gold pieces
 28344 | D:7      | Bought a scroll of fog for 44 gold pieces
 28454 | Orc:1    | Entered Level 1 of the Orcish Mines
 28552 | Orc:2    | Entered Level 2 of the Orcish Mines
 28675 | Orc:2    | Found Vuihuo Liul's Book Boutique.
 29024 | Orc:2    | Found a staircase to the Elven Halls.
 29044 | Orc:1    | Noticed Nergalle
 29044 | Orc:1    | Noticed Erolcha
 29056 | Orc:2    | Killed Nergalle
 29057 | Orc:2    | Reached XP level 16. HP: 88/121 MP: 27/27
 29219 | Orc:1    | Killed Erolcha
 29240 | Orc:1    | Noticed Fannar
 29264 | Orc:1    | Killed Fannar
 29265 | Orc:1    | Reached skill level 1 in Evocations
 29585 | Orc:2    | Identified the +10 arbalest of Qaingonom {freeze, rF- rC++}
 29608 | Orc:2    | Gained mutation: You are frail. (-10% HP) [a neqoxec]
 29614 | Orc:2    | Gained mutation: You occasionally shout uncontrollably at
                  | your foes. [a neqoxec]
 29643 | Orc:2    | HP: 2/112 [orc sorcerer/bolt of fire (8)]
 30317 | Orc:2    | Found Goenaus's Armour Boutique.
 30317 | Orc:2    | Found Buineawu's Assorted Antiques.
 30318 | Orc:2    | Found Runoadet's Distillery.
 30318 | Orc:2    | Found Mishruth's Book Emporium.
 30379 | Orc:2    | Bought a potion of degeneration for 13 gold pieces
 30382 | Orc:2    | Bought a potion of flight for 39 gold pieces
 30392 | Orc:2    | Bought a pair of glowing gloves for 292 gold pieces
 30564 | Swamp:1  | Entered Level 1 of the Swamp
 30682 | Lair:3   | Reached skill level 5 in Evocations
 31000 | Swamp:1  | Identified the ring "Adypta" {*Slow rElec rN+ Int+5 SInv}
 31902 | Spider:1 | Entered Level 1 of the Spider Nest
 31911 | Spider:1 | Reached skill level 1 in Shields
 32294 | Spider:1 | You fall into a shaft and drop 1 floor!
 32559 | Spider:1 | Reached skill level 5 in Shields
 33820 | Spider:2 | Reached skill level 21 in Polearms
 33996 | Spider:2 | Reached XP level 17. HP: 119/119 MP: 25/29
 34838 | Spider:3 | Reached skill level 22 in Polearms
 34971 | Spider:3 | Noticed Arachne
 34988 | Spider:3 | Killed Arachne
 35004 | Spider:3 | Noticed Nonny's ghost (adept KoCA)
 35343 | Spider:3 | Found a transporter.
 35349 | Spider:3 | Found a transporter.
 36138 | Swamp:2  | Reached skill level 23 in Polearms
 37400 | Swamp:3  | Reached skill level 24 in Polearms
 37615 | Swamp:4  | Entered Level 4 of the Swamp
 38046 | Spider:4 | Entered Level 4 of the Spider Nest
 38845 | Spider:4 | Reached XP level 18. HP: 111/124 MP: 24/30
 39473 | Spider:4 | Got a gossamer rune of Zot
 40321 | Swamp:4  | Noticed Louise
 40343 | Swamp:4  | Killed Louise
 40835 | Swamp:4  | Noticed a bone dragon
 40855 | Swamp:4  | Killed a bone dragon
 40867 | Swamp:4  | Got a decaying rune of Zot
 41467 | Vaults:1 | Entered Level 1 of the Vaults
 41707 | Vaults:1 | Noticed a tentacled monstrosity
 41732 | Vaults:1 | Killed a tentacled monstrosity
 41829 | Vaults:1 | Found Zushrub's Magic Scroll Boutique.
 41979 | Vaults:1 | Bought a scroll of fog for 44 gold pieces
 41979 | Vaults:1 | Bought a scroll of teleportation for 33 gold pieces
 41979 | Vaults:1 | Bought a scroll of teleportation for 33 gold pieces
 41979 | Vaults:1 | Bought a scroll of poison for 44 gold pieces
 41979 | Vaults:1 | Bought a scroll of blinking for 82 gold pieces
 41979 | Vaults:1 | Bought a scroll of poison for 44 gold pieces
 41979 | Vaults:1 | Bought a scroll of teleportation for 33 gold pieces
 42289 | Vaults:1 | Identified the +2 ring mail of Boredom {Str+3}
 42345 | Vaults:1 | Reached XP level 19. HP: 135/135 MP: 30/33
 42729 | Vaults:1 | Got Sif Muna's Quarto of Malevolent Magicks and the
                  | Geodesic
 43119 | Vaults:1 | Reached skill level 15 in Fighting
 43866 | Abyss:2  | Cast into level 2 of the Abyss (a wizard)
 43902 | Vaults:2 | Escaped the Abyss
 44715 | Vaults:2 | Found Cyizits's Weapon Boutique.
 45265 | Vaults:3 | Found a crumbling gateway.
 45283 | Desolati | Entered the Desolation of Salt
 45316 | Desolati | Killed from afar by a servant of whispers

Illustrated notes

Levels and vault maps discovered:
D:1:      dpeg_arrival_fog, layout_basic, minivault_23, serial_park_tiny_2
D:2:      layout_loops_corners, serial_shops, shop_statue
D:3:      layout_basic, shapermc_ecumenical_altar_mp_urbaneastern, serial_shops,
          shop, hex_large, grunt_decor_one_mirror
D:4:      layout_basic, lemuel_doored_altar, minmay_temple_entry_large_hall,
          serial_park_tiny_2
D:5:      layout_basic, mainiacjoe_overflow_alcove_4, serial_shops, shop,
          uniq_blork_the_orc, uniq_crazy_yiuf_cottage
D:6:      layout_gridville, lemuel_round_altar, grunt_temple_overflow_open,
          kennysheep_decorative_pillar, nicolae_half_adder
D:7:      layout_basic, kennysheep_mini_moat, makhleb_grotto_becter,
          serial_shops, shop, uniq_pikel
D:8:      layout_basic, marbit_many_paths
D:9:      layout_irregular_city, serial_shops, nicolae_shop_stone,
          minmay_misc_feat_columns, uniq_grum
D:10:     layout_basic, worldfamousw_hep_ancestral_shrine, david_lair_shrubbed
D:11:     layout_roguey, serial_shops, shop_coins,
          hangedman_decor_diamond_cutter, zin_statuary, uniq_sonja
D:12:     layout_layer_cave, kennysheep_orc_monster_closet_entryway,
          uniq_josephine
D:13:     layout_layer_cave, ximxim_vaults_locker_room, enter_trove_5, tso_altar
D:14:     layout_roguey [special_room_bee], uniq_jorgrun
D:15:     grunt_enter_depths_hoard, layout_basic, nicolae_ru_path_of_blood
Temple:   minmay_freezing_vapour_temple
Lair:1:   layout_gridlike, grunt_megastairs_2, serial_bayou_shore_a
Lair:2:   layout_gridlike, grunt_megastairs_3, uniq_maggie
Lair:3:   layout_roguey, skrybe_swamp_entry_bodies, spider_nest_entry_rubble,
          lemuel_fruit_tree, grunt_megastairs_5, serial_bayou_shore_b,
          serial_bayou_shore_b, uniq_amaemon
Lair:4:   layout_regular_city, chequers_serial_rivers_small_b
Lair:5:   grunt_lair_end_beastmaster, layout_regular_city,
          minmay_slime_entry_oklob_open, uniq_kirke
Swamp:1:  nicolae_swamp_ascending_descending_big, layout_basic_swamp,
          evilmike_swamp_ruin_house_3
Swamp:2:  layout_basic_swamp, nicolae_swamp_orc_logging_accident
Swamp:3:  layout_basic_swamp, nicolae_swamp_tree_isthmus
Swamp:4:  swamp_pestilence, layout_basic_swamp, infiniplex_staircase_pool_2,
          uniq_louise
Spider:1: layout_spider_delve
Spider:2: layout_spider_delve
Spider:3: layout_spider_delve, gammafunk_ghost_mausoleum, uniq_arachne
Spider:4: grunt_spider_rune_circles
Orc:1:    layout_diamond_mine, uniq_erolcha, uniq_nergalle, uniq_fannar
Orc:2:    st_orc_elflike, layout_caves, serial_shops, shop, minmay_orc_keep
Vaults:1: v_misc_3, nicolae_vaults_closet_pinwheel_3, st_greater_box_5,
          grunt_vaults_hallway_short, nicolae_vaults_closet_pinwheel_5,
          ontoclasm_vaults_bender, vaults_room_door_ring, v_pattern_5,
          nicolae_vaults_circle_grid_a, nicolae_vaults_yaktaur_gun_rack,
          nicolae_vaults_trapezoid_lopsided_3, hangedman_vaults_maws,
          vaults_room_pool, layout_vaults_maze, serial_shops, nicolae_shop_trees
Vaults:2: hangedman_vaults_cutoff, hangedman_vaults_snaps,
          nicolae_vaults_mitosis, nicolae_vaults_little_squares_5,
          ontoclasm_vaults_shuriken, hangedman_vaults_capsules,
          nicolae_vaults_double_plus_1, grunt_vaults_swirl, v_misc_16,
          nicolae_vaults_more_shelving_1, vaults_room_pool,
          layout_vaults_quadrants, serial_shops, nicolae_shop_scrapyard
Vaults:3: portal_desolation_entry_ruin, nicolae_vaults_offset_grid_hallway_3,
          nicolae_vaults_cochlea, v_misc_27, v_misc_26,
          nicolae_vaults_diagonal_hallway_8, minmay_crypt_entry_simple_statues,
          nicolae_vaults_door_testing_chamber, grunt_vaults_trifunnel,
          vaults_mumra_minichess, vaults_room_large_hall,
          nicolae_vaults_little_squares_5, nicolae_vaults_little_squares_2,
          nicolae_vaults_storing_the_good_stuff, layout_vaults_big_cross,
          serial_shops, nicolae_diamond_shop, uniq_asterion
Desolation

Skill      XL: |  1  2  3  4  5  6  7  8  9 10 11 12 13 14 15 16 17 18 19 |
---------------+----------------------------------------------------------+-----
Polearms       | 5 6 7 8 10 12 14 16 19 20 21 24 | 24.0
Fighting       | 3 4 5 7 8 11 13 17 | 17.4
Invocations    | 4 11 15 16 17 20 | 20.0
Armour         | 2 8 11 12 | 12.0
Dodging        | 8 |  8.3
Evocations     | 5 |  5.0
Shields        | 6 |  6.1
Throwing       | |  2.0

Action                     |  1- 3 |  4- 6 |  7- 9 | 10-12 | 13-15 | 16-18 | 19-21 || total
---------------------------+-------+-------+-------+-------+-------+-------+-------++-------
  Melee: Trident           |   106 |   138 |   198 |    72 |     6 |       |       ||   520
         Punch             |       |     1 |       |     1 |     2 |     1 |       ||     5
         Halberd           |       |       |       |   408 |  1006 |  1235 |       ||  2649
         Tailslap          |       |       |       |       |     5 |    33 |       ||    38
         War axe           |       |       |       |       |     9 |     7 |       ||    16
         Bardiche          |       |       |       |       |       |   163 |   331 ||   494
 Invoke: Minor Destruction |       |       |       |     1 |       |    22 |     4 ||    27
         Lesser Servant of |       |       |       |     2 |       |       |       ||     2
         Major Destruction |       |       |       |     1 |     6 |    24 |       ||    31
         Greater Servant o |       |       |       |       |     1 |     5 |     1 ||     7
  Evoke: Wand              |       |       |       |       |     1 |     2 |     1 ||     4
         Phantom mirror    |       |       |       |       |       |     1 |       ||     1
    Use: Scroll            |       |     6 |     1 |    10 |     9 |    12 |     8 ||    46
         Potion            |       |       |     3 |     1 |     6 |     7 |     1 ||    18
   Stab: Sleeping          |     1 |       |       |     1 |       |       |       ||     2
         Distracted        |       |       |       |     2 |     1 |     1 |     1 ||     5
         Petrified         |       |       |       |       |     6 |       |       ||     6
         Invisible         |       |       |       |       |     2 |     2 |       ||     4
 Armour: Leather armour    |    17 |       |       |       |       |       |       ||    17
         Chain mail        |    12 |    63 |    71 |    16 |       |       |       ||   162
         Gold dragon scale |       |       |       |   127 |   516 |   832 |   185 ||  1660
         Scale mail        |       |       |       |     2 |       |       |       ||     2
  Dodge: Dodged            |    54 |    51 |    67 |   110 |   327 |   552 |   114 ||  1275
